 Dungeon Crawl Stone Soup version 0.28-a0-1412-gf95308ed99 (webtiles) character file.

Game seed: 7636951396980967526

343211 triviadave the Hoplite (level 21, -2/199 HPs)
             Began as a Minotaur Berserker on Jan 3, 2022.
             Was a Believer of Trog.
             Slain by Jory (6 damage)
             ... on level 3 of the Depths on Jan 6, 2022.
             The game lasted 09:01:17 (60509 turns).

triviadave the Hoplite (Minotaur Berserker)        Turns: 60509, Time: 09:01:18

Health: -2/199     AC: 35    Str: 32    XL:     21   Next: 12%
Magic:  0/20       EV: 19    Int:  9    God:    Trog [**....]
Gold:   1996       SH: 26    Dex: 17    Spells: 20/20 levels left

rFire   . . .      SeeInvis +   n - +5 long sword "Minotaur's Death" {vorpal, Drain rElec rPois rCorr}
rCold   + + +      Faith    .   i - +2 tower shield "Runieghi" {rN+ Dex+6}
rNeg    + + .      Spirit   +   K - +5 plate armour {rN+}
rPois   +          Reflect  .   j - +0 hat "Teenurch" {rC+ rCorr Str+6}
rElec   +          Harm     .   x - +1 cloak {rC+}
rCorr   +          Rampage  ∞   h - +2 pair of gloves of Muyshralarr {SInv}
Will    ++...                   v - +3 pair of seven-league boots {Rampage+∞}
Stlth   ..........              g - amulet of guardian spirit
HPRegen 0.43/turn               X - ring of willpower
MPRegen 0.17/turn               u - ring "Osir" {rElec rPois rC+ Int+3}

@: no status effects
A: horns 2, retaliatory headbutt, beak, dopey 1, mutation resistance 1, weak 1,
subdued magic 1, noise suppression
}: 2/15 runes: serpentine, gossamer
a: Renounce Religion, Berserk, Trog's Hand


You were on level 3 of the Depths.
You worshipped Trog.
Trog was pleased with you.
You visited 8 branches of the dungeon, and saw 38 of its levels.
You visited 1 bazaar.
You also visited: Trove and Ice Cave.

You collected 4084 gold pieces.
You spent 2088 gold pieces at shops.

Inventory:

Hand Weapons
 n - the +5 long sword "Minotaur's Death" (weapon) {vorpal, Drain rElec rPois rCorr}
   (You found it on level 2 of the Dungeon)

   It inflicts extra damage upon your enemies.
   rElec:     It insulates you from electricity.
   rPois:     It protects you from poison.
   rCorr:     It protects you from acid and corrosion.
   Drain:     It drains your maximum health when unequipped.
 p - a +0 demon whip
 q - the +12 falchion of Plague {antimagic, rElec rC+}
   (Trog gifted it to you on level 2 of the Spider Nest)

   It reduces the magical energy of the wielder, and disrupts the spells and
   magical abilities of those it strikes.
   Natural abilities and divine invocations are not affected.
   rC:        It protects you from cold.
   rElec:     It insulates you from electricity.
 S - a +6 scimitar of flaming
 T - a +4 demon blade
Missiles
 A - 94 poisoned darts (quivered)
Armour
 a - the +7 Kryia's mail coat {PotionHeal*2 rC+}
   (You found it in a treasure trove)

   Potions are twice as effective at healing its wearer.
   rC:        It protects you from cold.
 b - a +1 scale mail of poison resistance
 h - the +2 pair of gloves of Muyshralarr (worn) {SInv}
   (You found it in a treasure trove)

   SInv:      It lets you see invisible.
 i - the +2 tower shield "Runieghi" (worn) {rN+ Dex+6}
   (You found it in a treasure trove)

   Dex:       It affects your dexterity (+6).
   rN:        It protects you from negative energy.
 j - the +0 hat "Teenurch" (worn) {rC+ rCorr Str+6}
   (You bought it in a shop on level 2 of the Orcish Mines)

   Str:       It affects your strength (+6).
   rC:        It protects you from cold.
   rCorr:     It protects you from acid and corrosion.
 v - the +3 pair of seven-league boots (worn) {Rampage+∞}
   (You bought it in a shop on level 2 of the Orcish Mines)

   Its wearer moves as far as possible in that direction when moving towards
   enemies.
 x - a +1 cloak of cold resistance (worn)
 K - a +5 plate armour of positive energy (worn)
Jewellery
 e - a ring of flight
 g - an amulet of guardian spirit (around neck)
 u - the ring "Osir" (right hand) {rElec rPois rC+ Int+3}
   (You took it off a naga on level 2 of the Snake Pit)

   [ring of protection from cold]

   Int:       It affects your intelligence (+3).
   rC:        It protects you from cold.
   rElec:     It insulates you from electricity.
   rPois:     It protects you from poison.
 H - an amulet of reflection
 L - a ring of protection from fire
 U - a ring of resist corrosion
 X - a ring of willpower (left hand)
Wands
 k - a wand of digging (10)
 y - a wand of paralysis (13)
 F - a wand of flame (71)
 G - a wand of mindburst (2)
 J - a wand of acid (7)
 O - a wand of iceblast (19)
 Q - a wand of charming (5)
Scrolls
 f - 18 scrolls of teleportation
 o - 3 scrolls of summoning
 t - 4 scrolls of fog
 D - 5 scrolls of magic mapping
 E - a scroll of blinking
 P - 3 scrolls of brand weapon
 R - 12 scrolls of identify
 W - 4 scrolls of fear
Potions
 c - 7 potions of ambrosia
 d - 2 potions of curing
 m - 8 potions of flight
 r - 4 potions of cancellation
 s - 2 potions of resistance
 w - 4 potions of haste
 C - 6 potions of might
 I - 4 potions of invisibility
Miscellaneous
 l - a phantom mirror
 z - a phial of floods
 Y - a phial of floods
 Z - a lightning rod (4/4)


   Skills:
 + Level 19.4 Fighting
 - Level 14.0 Long Blades
 - Level 4.7 Axes
 + Level 18.9 Armour
 + Level 20.2 Dodging
 - Level 24.0 Shields
 + Level 11.9 Evocations


You had 20 spell levels left.
You didn't know any spells.
Your spell library was empty.

Dungeon Overview and Level Annotations

Branches:
Dungeon (15/15)            Temple (0/1) D:5            Lair (6/6) D:9
  Snake (4/4) Lair:2       Spider (4/4) Lair:4        Slime (0/5) Lair:5
    Orc (2/2) D:9             Elf (3/3) Orc:2        Vaults (1/5) D:14
 Depths (3/4) D:15          IceCv (visited)

Altars:
Cheibriados
Dithmenos
Gozag
Hepliaklqana
Makhleb
Vehumet
Wu Jian
Zin
Beogh

Shops:
D:2 ?   D:10 *(   Orc:2 ***:([*[(   Depths:2 :=:

Portals:
Hell: Depths:1 Depths:2 Depths:3
Abyss: Depths:1 Depths:3
Pandemonium: Depths:2
Ziggurat: Depths:1

Annotations:
Depths:3 Jory


Innate Abilities, Weirdness & Mutations

You have a pair of horns on your head.
You reflexively headbutt those who attack you in melee.
You have a beak for a mouth.
You are dopey. (Int -2)
You are somewhat resistant to further mutation.
You are weak. (Str -2)
Your spells are a little easier to cast, but a little less powerful.
You passively dampen the noise of your surroundings.


Message History

* * * LOW HITPOINT WARNING * * *
The frost giant hits you but does no damage.
You feel better. The ettin misses you. You furiously retaliate!
You headbutt the ettin. You block the ettin's attack. You block Jory's attack.
Jory bites you but does no damage.
The frost giant hits you with a +1 battleaxe of freezing!
* * * LOW HITPOINT WARNING * * *
The fire giant hits you but does no damage.
You feel better.
You block the ettin's attack. x2; You block Jory's attack.
Jory bites you but does no damage. You block the frost giant's attack.
The fire giant hits you with a +0 great sword of flaming!!
* * * LOW HITPOINT WARNING * * *
The fire giant burns you!
* * * LOW HITPOINT WARNING * * *
You hit the ettin but do no damage. You headbutt the ettin.
You peck the ettin, but do no damage.
The ettin is heavily wounded.
You block the ettin's attack. x2
Jory says, "Hawthorn can't hurt me."
Jory points at you and mumbles some strange words.
You block the crystal spear. The fire giant completely misses you.
You block the frost giant's attack.
You barely miss Jory. Your peck misses Jory.
Jory is severely damaged.
You block the ettin's attack. The ettin barely misses you.
Jory hits you with a +1 vorpal great sword!
* * * LOW HITPOINT WARNING * * *
x2 Jory bites you but does no damage.
The frost giant gestures at you while chanting.
The bolt of cold hits you but does no damage.
You block the fire giant's attack.
You hit Jory but do no damage. Your headbutt misses Jory.
Jory is severely damaged.
You block the ettin's attack. x2
You hit Jory but do no damage. Your headbutt misses Jory.
You peck Jory, but do no damage.
Jory is severely damaged.
Jory hits you with a +1 vorpal great sword!!
* * * LOW HITPOINT WARNING * * *
You die...

** **,,,,,,*,,##....## #≈≈≈≈#.#
,***,,,,,,,+,,,##....# #≈####†#
,**,,,,,***+,,,,#8..8# #≈#.....
***,,,,**,88,,,8#....# *≈####.#
**,,,,**,,,,,,,8#....# *≈≈≈≈#.#
**8,,8*8,,,_,,,,#8..8# ***#≈#.#
#*,,,,**,,,,,,,##....###### #≈###
#**,,,,***,88,##....###...###§≈§≈
##*,,,,,.######C@C..###..........
.##*,,,,..8.8.#VC[.###...........
..#**,,,......'...####....>....(.
..##**,,......'..####............
..[###**)8.8..#.####..P≈P.≈.PP...
.....#######.######[..≈≈≈♣P≈≈≈≈.≈
....[..# #######...#≈P≈≈≈♣≈♣♣≈P
#..###.## #.......##≈≈.P.≈♣≈≈≈
.#..##..# ####........)......≈≈≈≈


You could see Jory, a frost giant, a fire giant and an ettin.

Vanquished Creatures
  Bai Suzhen (Elf:3)
  Saint Roka (Orc:2)
  Vashnia (Snake:3)
  the Enchantress (D:15)
  Arachne (Spider:4)
  A tentacled monstrosity (Depths:3)
  A lich (IceCv)
  Asterion (Elf:1)
  2 walking frostbound tomes (Depths:3)
  A deep elf blademaster (Elf:3)
  2 sphinxes
  10 nagarajas
  5 fire giants
  3 frost giants
  Louise (Depths:3)
  5 iron dragons
  7 emperor scorpions (Spider:4)
  4 deep elf sorcerers (Elf:3)
  Aizul (Depths:2)
  A vault warden (Vaults:1)
  A balrug (Depths:2)
  4 ghost moths
  An ironbound preserver (D:14)
  2 broodmothers
  11 very ugly things
  3 deep elf elementalists (Elf:3)
  3 spriggan defenders (D:15)
  6 stone giants
  A vampire knight (Depths:1)
  3 deep elf demonologists
  10 spark wasps
  A deep elf annihilator (Elf:3)
  2 entropy weavers (Spider:4)
  4 ettins
  3 fire dragons
  2 deep elf death magi
  A merfolk impaler (Depths:2)
  4 great orbs of eyes
  4 rakshasas
  6 ice dragons
  A jorogumo (Spider:3)
  A vault guard (Vaults:1)
  A deep elf high priest (Elf:3)
  6 spriggan air magi
  A radroach (Spider:4)
  A boulder beetle (shapeshifter) (Depths:1)
  22 naga warriors
  5 boulder beetles
  2 hell beasts (Depths:2)
  3 salamander tyrants (Snake:4)
  10 hydras
  3 catoblepae
  10 centaur warriors
  14 anacondas
  A death knight (D:13)
  5 deep troll earth magi
  2 deep troll shamans
  Erica (Lair:1)
  30 dancing weapons
  3 two-headed ogres
  A vampire mage (D:15)
  4 death yaks (Lair:3)
  2 orc high priests
  2 tengu warriors
  15 naga sharpshooters
  11 deep elf knights
  2 shock serpents
  Nergalle (Lair:1)
  A storm dragon zombie (D:15)
  A sixfirhy (Depths:2)
  5 pharaoh ants
  7 salamander mystics (Snake:4)
  5 skeletal warriors
  5 iron trolls
  6 sea snakes
  2 sun moths (Spider:3)
  8 steelbarb worms
  7 deep trolls
  Pikel (D:7)
  2 glowing orange brains
  An obsidian statue (IceCv)
  A bog body (IceCv)
  10 deep elf archers
  The ghost of Gruesome the Arsonist, a novice DsFE of Cheibriados (D:8)
  14 orb spiders
  A flayed ghost (Depths:2)
  10 naga ritualists
  14 deep elf zephyrmancers
  3 orc knights (Orc:2)
  The ghost of gruber the Fighter, a novice BaSu of Cheibriados (D:6)
  A fire giant zombie (D:15)
  A necromancer (D:15)
  23 deep elf pyromancers
  10 mana vipers
  5 lindwurms (Lair:6)
  7 orc sorcerers
  13 ugly things
  26 wolf spiders
  An oklob plant (Snake:4)
  A frost giant zombie (D:15)
  8 cyclopes
  20 elephants
  3 manticores
  11 salamanders
  7 guardian serpents
  33 black mambas
  3 centaur zombies (D:11)
  8 moths of wrath
  2 vault sentinels (Vaults:1)
  A fire giant skeleton (D:15)
  4 rust devils (Depths:3)
  25 naga magi
  Maurice (D:9)
  7 torpor snails
  21 cane toads
  An orange demon (Depths:2)
  2 gargoyles
  2 kobold demonologists
  5 tengu conjurers
  4 rime drakes
  4 demonic crawlers
  A yaktaur (shapeshifter) (Elf:1)
  An entropy weaver simulacrum (IceCv)
  3 ice devils
  A red devil (Depths:2)
  10 komodo dragons
  19 freezing wraiths
  4 anaconda simulacra (IceCv)
  An efreet (D:14)
  11 trolls
  A golden dragon simulacrum (IceCv)
  A hornet (shapeshifter) (D:14)
  3 polar bears
  15 meliai
  26 tarantellas
  Grinder (D:4)
  7 slime creatures
  11 blink frogs
  2 tyrant leeches (Lair:6)
  5 dream sheep
  29 jumping spiders
  29 culicivoras
  A shadow (D:12)
  9 water elementals
  2 spriggans (D:15)
  5 air elementals
  3 dire elephant simulacra (IceCv)
  39 yaks
  3 wraiths
  3 wyverns
  A ynoxinul (D:8)
  Eustachio (D:4)
  7 basilisks
  3 fire elementals
  73 redbacks
  5 vampire mosquitoes (Lair:6)
  2 steam dragons
  A minotaur simulacrum (IceCv)
  2 wargs
  2 harpy simulacra (IceCv)
  54 nagas
  2 acid dragons (D:11)
  Duvessa (D:6)
  2 hydra simulacra (IceCv)
  13 water moccasins
  36 orc warriors
  A sky beast (D:5)
  3 alligator simulacra (IceCv)
  A black bear (shapeshifter) (D:15)
  An ice beast (D:6)
  2 ettin simulacra (IceCv)
  6 ogres
  A tengu (shapeshifter) (Elf:1)
  A boggart (Vaults:1)
  16 wolves
  2 phantoms
  33 centaurs
  4 kobold brigands
  A lemure (D:7)
  13 bullfrogs
  3 gnoll sergeants
  6 scorpions
  2 deep troll simulacra (IceCv)
  An earth elemental (Elf:1)
  A water moccasin zombie (D:4)
  Dowan (D:6)
  A water moccasin skeleton (D:6)
  6 lindwurm simulacra (IceCv)
  13 killer bees
  3 howler monkeys
  8 electric eels
  A jelly (Lair:5)
  5 hounds
  A centaur skeleton (D:7)
  26 orc priests
  Crazy Yiuf (D:3)
  Jessica (D:2)
  36 orc wizards
  2 iguanas
  4 hell rats (Lair:1)
  A scorpion zombie (D:5)
  A howler monkey zombie (D:8)
  Robin (D:3)
  A howler monkey skeleton (D:7)
  17 gnolls
  4 adders
  A shadow imp (D:7)
  3 white imps
  A howler monkey simulacrum (D:9)
  An ufetubus (D:5)
  An adder zombie (D:5)
  An adder skeleton (D:4)
  2 dart slugs
  96 orcs
  9 ball pythons
  8 endoplasms
  3 giant cockroaches
  12 hobgoblins
  2 quokkas
  13 bats
  2 frilled lizards
  21 goblins
  13 kobolds
1520 creatures vanquished.

Vanquished Creatures (collateral kills)
  An iron golem (Depths:1)
1 creature vanquished.

Vanquished Creatures (others)
  A deep elf elementalist (Elf:3)
  4 deep elf knights (Elf:1)
  A necromancer (IceCv)
  A deep elf zephyrmancer (Elf:1)
  A moth of wrath (Spider:4)
  A tarantella (Spider:2)
  2 jumping spiders (Spider:3)
  A culicivora (Spider:2)
  2 redbacks
  A naga (Snake:4)
  2 orcs
  A bush (Lair:5)
  41 fungi
  175 plants
  4 toadstools (D:5)
  2 withered plants (D:15)
240 creatures vanquished.

Grand Total: 1761 creatures vanquished

Notes
Turn   | Place    | Note
-------+----------+-------------------------------------------
     0 | D:1      | triviadave the Minotaur Berserker began the quest for the
                  | Orb.
     0 | D:1      | Reached XP level 1. HP: 19/19 MP: 0/0
   347 | D:1      | Reached XP level 2. HP: 16/26 MP: 1/1
  1182 | D:1      | Reached XP level 3. HP: 31/31 MP: 2/2
  1336 | D:2      | Found Peiporiy's Magic Scroll Boutique.
  1356 | D:2      | Bought a scroll of identify for 28 gold pieces
  1403 | D:2      | Reached ** piety under Trog
  1880 | D:2      | Identified the +5 long sword "Minotaur's Death" {vorpal,
                  | Drain rElec rPois rCorr}
  1908 | D:2      | Noticed Jessica
  1915 | D:2      | Killed Jessica
  1916 | D:2      | Reached skill level 1 in Long Blades
  1916 | D:2      | Reached XP level 4. HP: 29/39 MP: 3/3
  2400 | D:3      | Found a runed translucent door.
  2401 | D:3      | Noticed Crazy Yiuf
  2406 | D:3      | Killed Crazy Yiuf
  2625 | D:3      | Noticed Robin
  2633 | D:3      | Killed Robin
  2634 | D:3      | Reached XP level 5. HP: 32/45 MP: 4/4
  3056 | D:4      | Noticed a phantom
  3106 | D:4      | Reached XP level 6. HP: 51/51 MP: 5/5
  3145 | D:4      | Noticed Eustachio
  3162 | D:4      | Killed Eustachio
  3426 | D:4      | Noticed Grinder
  3441 | D:4      | Paralysed by Grinder for 7 turns
  3454 | D:4      | Killed Grinder
  3455 | D:4      | Reached skill level 5 in Long Blades
  3455 | D:4      | Reached skill level 5 in Armour
  3455 | D:4      | Reached XP level 7. HP: 31/57 MP: 6/6
  3555 | D:4      | Identified the +1 leather armour "Kys Kah" {-Cast Str+4
                  | Slay+6}
  3891 | D:4      | Found a hazy altar of Hepliaklqana.
  3927 | D:4      | Reached skill level 5 in Dodging
  3929 | D:4      | Reached *** piety under Trog
  4425 | D:5      | Entered Level 5 of the Dungeon
  4463 | D:5      | Reached XP level 8. HP: 61/64 MP: 7/7
  4542 | D:5      | Found an opulent altar of Gozag.
  4589 | D:5      | Found a burning altar of Makhleb.
  4591 | D:5      | Found an ornate altar of the Wu Jian Council.
  4842 | D:5      | Found a staircase to the Ecumenical Temple.
  5051 | D:5      | Gained mutation: You passively dampen the noise of your
                  | surroundings. [potion of mutation]
  5051 | D:5      | Gained mutation: You are somewhat resistant to further
                  | mutation. [potion of mutation]
  5051 | D:5      | Gained mutation: You have a beak for a mouth. [potion of
                  | mutation]
  5239 | D:6      | Noticed a troll
  5249 | D:6      | Killed a troll
  5444 | D:6      | Reached XP level 9. HP: 59/70 MP: 8/8
  5511 | D:6      | Noticed Dowan
  5515 | D:6      | Killed Dowan
  5634 | D:6      | Reached **** piety under Trog
  5811 | D:6      | Noticed Duvessa
  5820 | D:6      | Killed Duvessa
  5821 | D:6      | Reached skill level 10 in Long Blades
  6035 | D:6      | Reached skill level 1 in Shields
  6090 | D:6      | Reached skill level 2 in Shields
  6116 | D:6      | Found a runed translucent door.
  6116 | D:6      | Noticed gruber's ghost (novice BaSu)
  6263 | D:7      | Noticed Pikel
  6268 | D:7      | Reached skill level 3 in Shields
  6272 | D:7      | Killed Pikel
  6273 | D:7      | Reached skill level 6 in Shields
  6418 | D:7      | Reached skill level 7 in Shields
  6606 | D:7      | Reached ***** piety under Trog
  6743 | D:7      | Reached skill level 8 in Shields
  6765 | D:7      | Noticed a troll
  6772 | D:7      | Reached XP level 10. HP: 77/77 MP: 9/9
  6780 | D:7      | Reached skill level 9 in Shields
  6822 | D:7      | Noticed a two-headed ogre
  6828 | D:7      | Killed a two-headed ogre
  6829 | D:7      | Reached skill level 10 in Shields
  6833 | D:7      | Identified the +2 helmet "Saivoch" {rF+ Int+3 Dex+2}
  7001 | D:7      | Noticed a boulder beetle
  7001 | D:7      | Noticed a boulder beetle
  7010 | D:7      | Killed a boulder beetle
  7011 | D:7      | Reached skill level 11 in Shields
  7016 | D:7      | Killed a boulder beetle
  7020 | D:7      | Noticed a sun demon
  7027 | D:7      | Reached skill level 12 in Shields
  7234 | D:8      | Reached skill level 13 in Shields
  7309 | D:8      | Noticed Gruesome's ghost (novice DsFE)
  7315 | D:8      | Found a runed translucent door.
  7553 | D:6      | Killed gruber's ghost
  7553 | D:6      | Received a gift from Trog
  7722 | D:8      | Reached XP level 11. HP: 82/82 MP: 10/10
  7728 | D:8      | Killed Gruesome's ghost
  7815 | D:8      | Reached skill level 14 in Shields
  8202 | D:9      | Noticed a white ugly thing
  8216 | D:9      | Killed a white ugly thing
  8487 | D:9      | Noticed Maurice
  8491 | D:9      | Killed Maurice
  8619 | D:9      | Found a staircase to the Orcish Mines.
  8678 | D:9      | Reached skill level 15 in Shields
  8726 | D:9      | Noticed a two-headed ogre
  8737 | D:9      | Killed a two-headed ogre
  9517 | D:9      | Found a staircase to the Lair.
  9819 | Lair:1   | Entered Level 1 of the Lair of Beasts
  9830 | Lair:1   | Noticed Nergalle
  9840 | Lair:1   | Killed Nergalle
 10181 | Lair:1   | Noticed Erica
 10192 | Lair:1   | Killed Erica
 10230 | Lair:1   | Received a gift from Trog
 10307 | Lair:1   | Noticed a seven-headed hydra
 10316 | Lair:1   | Killed an eight-headed hydra
 10317 | Lair:1   | Reached XP level 12. HP: 72/79 MP: 11/11
 10791 | Lair:2   | Noticed a four-headed hydra
 10801 | Lair:2   | Killed a one-headed hydra
 11015 | Lair:2   | Found a staircase to the Snake Pit.
 11420 | Lair:2   | Noticed a catoblepas
 11424 | Lair:2   | Killed a catoblepas
 11601 | Lair:2   | Reached skill level 10 in Armour
 12076 | Lair:3   | Identified the +10 hunting sling "Foarr" {venom, rC+++
                  | Will- Str+7}
 12234 | Lair:3   | Noticed a death yak
 12234 | Lair:3   | Noticed a death yak
 12235 | Lair:3   | Noticed a death yak
 12235 | Lair:3   | Noticed a death yak
 12284 | Lair:3   | Killed a death yak
 12288 | Lair:3   | Killed a death yak
 12289 | Lair:3   | Reached skill level 10 in Dodging
 12295 | Lair:3   | Killed a death yak
 12301 | Lair:3   | Killed a death yak
 12692 | Lair:3   | Noticed a five-headed hydra
 12700 | Lair:3   | Killed a one-headed hydra
 12823 | Lair:3   | Reached XP level 13. HP: 87/96 MP: 12/12
 13428 | Lair:4   | Reached skill level 5 in Fighting
 13444 | Lair:4   | Received a gift from Trog
 14258 | Lair:4   | Reached ****** piety under Trog
 14447 | Lair:4   | Found a hole to the Spider Nest.
 15410 | Lair:5   | Reached skill level 1 in Evocations
 15420 | Lair:5   | Found a staircase to the Slime Pits.
 15684 | Lair:6   | Entered Level 6 of the Lair of Beasts
 16111 | Lair:6   | Reached XP level 14. HP: 110/115 MP: 13/13
 17316 | Orc:1    | Entered Level 1 of the Orcish Mines
 17339 | Orc:1    | Received a gift from Trog
 17682 | Orc:2    | Entered Level 2 of the Orcish Mines
 17890 | Orc:2    | Found Xeif's Antique Armour Emporium.
 17907 | Orc:2    | Found a staircase to the Elven Halls.
 18031 | Orc:2    | Found Itat's Antique Weapon Shop.
 18045 | Orc:2    | Noticed Saint Roka
 18070 | Orc:2    | Reached skill level 15 in Armour
 18079 | Orc:2    | Killed Saint Roka
 18753 | Orc:2    | Paralysed by an orc sorcerer for 2 turns
 18793 | Orc:2    | Reached skill level 10 in Fighting
 19121 | Orc:2    | Found Jeuboi's Antique Armour Emporium.
 19169 | Orc:2    | Found Zerhab's General Store.
 19177 | Orc:2    | Bought a scroll of identify for 22 gold pieces
 19177 | Orc:2    | Bought a scroll of identify for 22 gold pieces
 19256 | Orc:2    | Found Naic's Assorted Antiques.
 19283 | Orc:2    | Found Gubaviub's Antique Weapon Emporium.
 19298 | Orc:2    | Found Oleap Gypt's Book Emporium.
 19352 | Orc:2    | Found Xuosunum's General Store.
 19360 | Orc:2    | Bought a scroll of identify for 26 gold pieces
 19502 | Orc:2    | Received a gift from Trog
 19687 | Orc:2    | Found Kiukoeto's Assorted Antiques.
 19695 | Orc:2    | Bought a scroll of identify for 46 gold pieces
 19695 | Orc:2    | Bought a sapphire potion for 20 gold pieces
 20055 | Orc:2    | Bought a steaming hat for 207 gold pieces
 20055 | Orc:2    | Identified the +0 hat "Teenurch" {rC+ rCorr Str+6} (You
                  | bought it in a shop on level 2 of the Orcish Mines)
 20144 | Orc:2    | Bought the +3 pair of seven-league boots {Rampage+∞} for
                  | 880 gold pieces
 20144 | Orc:2    | Found the +3 pair of seven-league boots {Rampage+∞}
 20224 | D:10     | Entered Level 10 of the Dungeon
 20599 | D:10     | Found Muselyst's Weapon Boutique.
 20620 | D:10     | Found Ricsa's General Store.
 20628 | D:10     | Bought a scroll of identify for 32 gold pieces
 22661 | D:12     | Reached XP level 15. HP: 120/128 MP: 14/14
 22669 | D:12     | Received a gift from Trog
 23612 | D:13     | Reached skill level 5 in Evocations
 24392 | D:14     | Found a gate to the Vaults.
 24754 | D:14     | You fall into a shaft and drop 1 floor!
 24754 | D:15     | Entered Level 15 of the Dungeon
 25358 | D:14     | Found a shadowy altar of Dithmenos.
 26740 | D:15     | Received a gift from Trog
 27137 | D:15     | Found the +5 scythe "Finisher" {speed, eviscerate}
 27148 | D:15     | Reached skill level 15 in Dodging
 27204 | D:15     | Found a staircase to the Depths.
 27721 | Lair:1   | Upgraded the game from 0.28-a0-1389-gc726bef33b to
                  | 0.28-a0-1395-g4f6bc678fa
 27758 | Snake:1  | Entered Level 1 of the Snake Pit
 28353 | Snake:1  | Reached XP level 16. HP: 132/141 MP: 15/15
 29344 | Snake:2  | Found a shadowy altar of Dithmenos.
 29569 | Snake:2  | Reached skill level 16 in Shields
 29634 | Snake:2  | Identified the ring "Osir" {rElec rPois rC+ Int+3}
 30815 | Snake:3  | Noticed Vashnia
 30874 | Snake:3  | Killed Vashnia
 31147 | Snake:3  | Reached skill level 17 in Shields
 31308 | Snake:3  | Received a gift from Trog
 31889 | Snake:4  | Entered Level 4 of the Snake Pit
 31890 | Snake:4  | Found a glowing silver altar of Zin.
 32382 | Snake:4  | Reached XP level 17. HP: 119/154 MP: 16/16
 33254 | Snake:4  | Reached skill level 18 in Shields
 33700 | Snake:4  | Received a gift from Trog
 33713 | Snake:4  | Reached skill level 15 in Fighting
 34836 | Snake:4  | Reached skill level 19 in Shields
 34930 | Snake:4  | Found a gateway to a bazaar.
 36163 | Bazaar   | Entered a bazaar
 36177 | Bazaar   | Found Dunnez's Magic Scroll Shop.
 36210 | Bazaar   | Found Suedykk Yridd's Magic Scroll Shop.
 36227 | Bazaar   | Found Xalo's Distillery.
 36248 | Bazaar   | Found Ocrad's Distillery.
 36271 | Bazaar   | Bought a potion of invisibility for 72 gold pieces
 36271 | Bazaar   | Bought a potion of heal wounds for 45 gold pieces
 36271 | Bazaar   | Bought a potion of haste for 90 gold pieces
 36271 | Bazaar   | Bought a potion of might for 36 gold pieces
 36291 | Bazaar   | Bought a potion of curing for 30 gold pieces
 36291 | Bazaar   | Bought a potion of curing for 30 gold pieces
 36291 | Bazaar   | Bought 2 potions of might for 80 gold pieces
 36307 | Bazaar   | Bought a scroll of enchant weapon for 97 gold pieces
 36307 | Bazaar   | Bought a scroll of magic mapping for 45 gold pieces
 36336 | Bazaar   | Bought a scroll of magic mapping for 52 gold pieces
 36548 | Snake:4  | Got a serpentine rune of Zot
 36910 | Spider:1 | Entered Level 1 of the Spider Nest
 36914 | Spider:1 | Identified the +4 scimitar of Peril {antimagic, Dex+4}
                  | (Trog gifted it to you on level 1 of the Spider Nest)
 36914 | Spider:1 | Received a gift from Trog
 38742 | Spider:1 | Reached XP level 18. HP: 132/166 MP: 17/17
 38851 | Spider:1 | Received a gift from Trog
 39404 | Spider:2 | Reached skill level 20 in Shields
 40055 | Spider:2 | Identified the +2 robe of Qidyuc {rCorr}
 40184 | Spider:2 | Identified the +12 falchion of Plague {antimagic, rElec
                  | rC+} (Trog gifted it to you on level 2 of the Spider Nest)
 40184 | Spider:2 | Received a gift from Trog
 40252 | Spider:3 | Found a frozen archway.
 40266 | IceCv    | Entered an ice cave
 40581 | IceCv    | Found an ancient bone altar of Kikubaaqudgha.
 40847 | IceCv    | Noticed a lich
 40877 | IceCv    | Killed a lich
 41091 | IceCv    | Received a gift from Trog
 42064 | Spider:3 | Reached skill level 21 in Shields
 42598 | Spider:3 | Received a gift from Trog
 42658 | Spider:3 | Identified the +1 kite shield "Miebb" {rN+ Dex+4}
 42754 | Spider:4 | Entered Level 4 of the Spider Nest
 43686 | Spider:4 | Noticed Arachne
 43712 | Spider:4 | Killed Arachne
 44073 | Spider:4 | Upgraded the game from 0.28-a0-1395-g4f6bc678fa to
                  | 0.28-a0-1404-g4df0f3684d
 44093 | Spider:4 | Reached XP level 19. HP: 177/177 MP: 18/18
 44722 | Spider:4 | Received a gift from Trog
 44743 | Spider:4 | Got a gossamer rune of Zot
 45107 | Vaults:1 | Entered Level 1 of the Vaults
 45214 | Vaults:1 | HP: 7/177 [yaktaur captain/bolt[a boggart] (20)]
 45866 | Elf:1    | Entered Level 1 of the Elven Halls
 45867 | Elf:1    | Paralysed by an air elemental for 1 turns
 45875 | Elf:1    | Paralysed by an air elemental for 1 turns
 45994 | Elf:1    | Reached skill level 22 in Shields
 46220 | Elf:1    | Identified the +8 arbalest of Conflict {penet, rF+ MP+9
                  | Int+3}
 46248 | Elf:1    | Gained mutation: Your spells are a little easier to cast,
                  | but a little less powerful. [mutagenic glow]
 46268 | Elf:1    | Gained mutation: You are dopey. (Int -2) [mutagenic glow]
 46294 | Elf:1    | Gained mutation: You are weak. (Str -2) [mutagenic glow]
 46694 | Elf:1    | Noticed Asterion
 46714 | Elf:1    | Killed Asterion
 47945 | Elf:2    | Received a gift from Trog
 48626 | Elf:2    | Found a runed translucent gate.
 48626 | Elf:2    | Found a runed translucent gate.
 48626 | Elf:2    | Found a runed translucent gate.
 49095 | Elf:2    | Reached skill level 10 in Evocations
 50349 | Elf:2    | Received a gift from Trog
 50430 | Elf:3    | Entered Level 3 of the Elven Halls
 50572 | Elf:3    | Noticed Bai Suzhen
 50593 | Elf:3    | Reached skill level 23 in Shields
 50607 | Elf:3    | Killed Bai Suzhen
 50611 | Elf:3    | Noticed a Tzitzimitl
 50612 | Elf:3    | Noticed a Tzitzimitl
 50617 | Elf:3    | Noticed a Brimstone Fiend
 50629 | Elf:3    | HP: 8/179 [Executioner[a deep elf demonologist] (9)]
 50654 | Elf:3    | HP: 4/179 [Executioner[a deep elf demonologist] (5)]
 51777 | Elf:3    | Reached XP level 20. HP: 187/187 MP: 19/19
 52266 | Orc:2    | Bought a potion of curing for 39 gold pieces
 52312 | Orc:2    | Bought a potion of curing for 69 gold pieces
 52453 | D:10     | Bought a scroll of blinking for 120 gold pieces
 52567 | Depths:1 | Entered Level 1 of the Depths
 53007 | Depths:1 | Received a gift from Trog
 53464 | Depths:1 | Found a snail-covered altar of Cheibriados.
 53464 | Depths:1 | Noticed the Enchantress
 53906 | D:15     | Killed the Enchantress
 54250 | D:15     | HP: 9/189 [spriggan defender[the Enchantress] (17)]
 55473 | Depths:1 | Found a one-way gate to the infinite horrors of the Abyss.
 55473 | Depths:1 | Found a portal to a secret trove of treasure.
 55545 | Trove    | Entered a treasure trove
 55547 | Trove    | Found the +7 Kryia's mail coat {PotionHeal*2 rC+}
 55554 | Trove    | Identified the +0 pair of boots "Cashraeh" {Str+2}
 55560 | Trove    | Identified the +2 pair of gloves of Muyshralarr {SInv}
 55562 | Trove    | Identified the +2 tower shield "Runieghi" {rN+ Dex+6}
 55564 | Trove    | Identified the -6 cloak of Usucov {+Inv rPois Int+6}
 55569 | Trove    | Identified the +2 scale mail of the Past {rC+ rCorr}
 55571 | Trove    | Identified the +0 chain mail "Nupun" {Int+4}
 56048 | Depths:1 | Found a one-way gateway to a ziggurat.
 56259 | Depths:1 | Found a gateway to Hell.
 56777 | Depths:2 | Found a one-way gate leading to the halls of Pandemonium.
 56818 | Depths:2 | Reached * piety under Trog
 57019 | Depths:2 | Noticed a bone dragon
 57082 | Depths:2 | Found Imnoxzog's Book Emporium.
 57082 | Depths:2 | Found Ehun's Jewellery Boutique.
 57083 | Depths:2 | Found Nonwekh's Book Emporium.
 57103 | Depths:2 | Noticed Aizul
 57117 | Depths:2 | Killed Aizul
 57118 | Depths:2 | Reached skill level 24 in Shields
 57251 | Depths:2 | Upgraded the game from 0.28-a0-1404-g4df0f3684d to
                  | 0.28-a0-1412-gf95308ed99
 58049 | Depths:2 | Found a radiant altar of Vehumet.
 58328 | Depths:2 | You fall into a shaft and drop 1 floor!
 58352 | Depths:3 | Noticed Louise
 58373 | Depths:3 | Killed Louise
 59328 | Depths:3 | Identified the +1 hunting sling "Biumapoa" {freeze, rElec
                  | rF- rC++}
 59782 | Depths:3 | Reached XP level 21. HP: 191/198 MP: 18/20
 60470 | Depths:3 | Noticed Jory
 60509 | Depths:3 | HP: 4/199 [Jory (17)]
 60509 | Depths:3 | Slain by Jory

Illustrated notes

Levels and vault maps discovered:
D:1:      zaba_arrival_water, layout_basic
D:2:      layout_loops_cross, serial_shops, nicolae_diamond_shop,
          hangedman_decor_clover_reticule, guppyfry_early_orc_mine, uniq_jessica
D:3:      layout_loops_ring, uniq_robin, uniq_crazy_yiuf_cottage
D:4:      nicolae_cairo_tiling, layout_basic, worldfamousw_hep_ancestral_shrine,
          uniq_grinder, uniq_eustachio
D:5:      layout_cave_pools, minitemple, minmay_temple_entry_proselytizer,
          minmay_gold_behind_fungi
D:6:      layout_basic, gammafunk_ghost_grave, uniq_duvessa
D:7:      layout_cave_pools, roderic_batcave, minmay_the_grid_2x2
          [minmay_the_grid_expand, minmay_the_grid_large_cup,
          minmay_the_grid_minigrid_small_alt,
          minmay_the_grid_prize_four_corners_diamond_a], uniq_pikel
D:8:      layout_cave_pools, hellmonk_ghost_big_iron, kennysheep_boxes
D:9:      minmay_bloctagon_deflated, layout_gridville, david_lair_shrubbed,
          hiddenorc2_lemuel, minmay_misc_feat_pillars,
          hangedman_abyss_or_decor_stagger, kennysheep_small_square,
          uniq_maurice
D:10:     layout_irregular_city, serial_shops, nicolae_stop_n_shop_2,
          shop_fountains
D:11:     layout_rooms
D:12:     layout_loops_ring, chequers_serial_rivers_small_a
D:13:     layout_basic
D:14:     layout_basic, skrybe_vaults_entry_preservation, serial_bayou_pond_b,
          chequers_serial_rivers_room_a, grunt_dithmenos_smoke_and_mirrors
D:15:     gammafunk_depths_entry_grave, layout_cave_pools, chequers_avenue
Lair:1:   beast_lair_carwin_large_1, layout_big_grid, serial_bayou_pond_c,
          grunt_forest_small_clearing_treed, uniq_erica, uniq_nergalle
Lair:2:   layout_long_grid, minmay_snake_entry_guardpost_medium,
          grunt_megastairs_2
Lair:3:   layout_chaotic_city, nicolae_lair_lil_pond, st_stairs_7
Lair:4:   layout_long_grid, spider_nest_entry_webs, minivault_23,
          chequers_serial_rivers_micro_d, grunt_forest_small_clearings
Lair:5:   layout_roguey, minmay_slime_entry_pillars, lemuel_fruit_tree
Lair:6:   minmay_lair_end_frog_pond, layout_cellular_growth,
          minmay_lindwurm_lava
Snake:1:  layout_misc_corridors, grunt_megastairs_5, serial_bayou_shore_a,
          serial_bayou_shore_b
Snake:2:  layout_rooms, basic_altar, nicolae_snake_boneroom
Snake:3:  nicolae_sea_snake_s, layout_concentric_octagons,
          nicolae_snake_double_loop, grunt_megastairs_3, uniq_vashnia
Snake:4:  snake_pit, layout_cave_town, serial_shops, freezing_bzr,
          lemuel_oklob_altar
Spider:1: layout_cave_pods, nicolae_spider_some_kinda_spiderbox
Spider:2: layout_cave_pods
Spider:3: layout_spider_delve, portal_ice_cave_entry_dragon
Spider:4: grunt_spider_rune_circles, hangedman_spider_tarantella_strand,
          uniq_arachne
Orc:1:    layout_diamond_mine
Orc:2:    grunt_orc_cross, layout_caves, serial_shops, nicolae_diamond_shop,
          nicolae_shop_stone, nicolae_diamond_shop, shop, shop_statue,
          nicolae_orc_sculptors_studio, nicolae_orc_crystal_geode
Elf:1:    nicolae_elf_arrival_aired_out, layout_loops_corners,
          hangedman_corner_corridor, kilobyte_mutagenic_chamber, uniq_asterion
Elf:2:    nicolae_elf_blades_splatter_lattice [nicolae_blade_entry_pointy_end],
          layout_geoelf_diagonals, dk_noncrumbling_4, nrook_uturn
Elf:3:    minmay_elf_hall_four_x, layout_onion_city, uniq_bai_suzhen
Vaults:1: nicolae_vaults_disjoint_gnomons, v_misc_28, st_lattice,
          nicolae_vaults_rhombus_7, nicolae_vaults_little_squares_5,
          nicolae_vaults_angled_halls, vaults_room_fours, vaults_dpeg_doors,
          nicolae_vaults_mini_display_case, vaults_mumra_lcd,
          ontoclasm_vaults_loading_screen, vaults_room_semicircle,
          layout_vaults_big_room, serial_shops, nicolae_shop_window_shopping,
          uniq_donald
Depths:1: layout_cave_shapes, enter_ziggurat_e, hell_entry, abyss_entry,
          enter_trove_1, chequers_big_river, kennysheep_cross_bottleneck,
          slow_altar_1, uniq_enchantress
Depths:2: nicolae_cairo_tiling_large_dashed, layout_gridville,
          grunt_mini_vestibule, nicolae_vehumet_radiance,
          rand_demon_pan_entry_8, minmay_shop_grove, uniq_aizul
Depths:3: pf_snail_temple, layout_cross, nicolae_abyss_entry_one_way_or_another,
          serial_bayou_lagoon_a, hell_entry, minmay_metal_thing, uniq_jory

Skill      XL: |  1  2  3  4  5  6  7  8  9 10 11 12 13 14 15 16 17 18 19 20 |
---------------+-------------------------------------------------------------+-----
Axes           | 4 |  4.7
Armour         | 3 4 5 6 7 9 11 14 15 17 18 | 18.9
Long Blades    | 1 2 3 5 7 9 10 12 14 | 14.0
Dodging        | 3 4 5 6 7 8 10 12 13 15 16 17 18 19 20 | 20.2
Shields        | 8 13 15 17 19 21 23 24 | 24.0
Fighting       | 4 8 10 12 14 15 17 18 19 | 19.4
Evocations     | 2 4 6 7 8 10 11 | 11.9

Action                   |  1- 3 |  4- 6 |  7- 9 | 10-12 | 13-15 | 16-18 | 19-21 || total
-------------------------+-------+-------+-------+-------+-------+-------+-------++-------
Melee: Hand axe          |    72 |       |       |       |       |       |       ||    72
       Headbutt          |    11 |    12 |    36 |   108 |   301 |   681 |   539 ||  1688
       Long sword        |     4 |    62 |   165 |   272 |   537 |  2077 |  1983 ||  5100
       Peck              |       |       |     9 |    97 |   253 |   582 |   548 ||  1489
       Scimitar          |       |       |       |   139 |   475 |       |       ||   614
Throw: Stone             |     3 |       |       |       |       |       |       ||     3
       Dart              |       |       |     8 |    20 |    32 |    22 |     2 ||    84
Invok: Trog's Hand       |       |     1 |       |     5 |    14 |    11 |    16 ||    47
       Brothers in Arms  |       |       |       |       |       |       |     3 ||     3
       Berserk           |       |       |       |       |       |       |     2 ||     2
Evoke: Wand              |       |       |       |       |     6 |     1 |     8 ||    15
       Lightning rod     |       |       |       |       |     3 |       |       ||     3
  Use: Scroll            |     3 |     1 |     5 |     6 |    21 |    12 |     3 ||    51
       Potion            |       |     1 |     1 |       |     7 |     6 |    15 ||    30
 Stab: Sleeping          |     1 |       |       |       |       |       |       ||     1
Armor: Animal skin       |    15 |    15 |       |       |       |       |       ||    30
       Skin              |       |     2 |       |       |       |       |       ||     2
       Leather armour    |       |     9 |    50 |    57 |   165 |    28 |       ||   309
       Plate armour      |       |       |       |       |       |   588 |   700 ||  1288
Dodge: Dodged            |    33 |    39 |    66 |    94 |   266 |   646 |   672 ||  1816
Block: Kite shield       |       |       |    29 |   210 |   631 |  1826 |   742 ||  3438
       Reflection        |       |       |       |     5 |    99 |    88 |    10 ||   202
       Tower shield      |       |       |       |       |       |       |   924 ||   924

Table legend: (Time is in decaauts)
 A = Elapsed time spent in this place.
 B = Non-inter-level travel time spent in this place.
 C = Inter-level travel time spent in this place.
 D = Time resting spent in this place.
 E = Time spent auto-exploring this place.
 F = Levels seen in this place.
 G = Mean time per level.
                   A        B        C        D        E       F      G
               +--------+--------+--------+--------+--------+-----+--------+
         Total |  59194 |  57670 |   1524 |  18980 |    740 |  41 | 1443.8 |
       Dungeon |  19303 |  18347 |    956 |   5256 |    740 |  15 | 1286.9 |
          Lair |   7568 |   7379 |    189 |   2075 |      0 |   6 | 1261.3 |
     Snake Pit |   8571 |   8411 |    160 |   3205 |      0 |   4 | 2142.8 |
   Spider Nest |   6773 |   6766 |      7 |   2719 |      0 |   4 | 1693.2 |
  Orcish Mines |   3302 |   3253 |     49 |    628 |      0 |   2 | 1651.0 |
   Elven Halls |   6143 |   6006 |    137 |   2407 |      0 |   3 | 2047.7 |
        Vaults |    102 |    102 |      0 |      0 |      0 |   1 |  102.0 |
        Depths |   6273 |   6247 |     26 |   2304 |      0 |   3 | 2091.0 |
        Bazaar |    202 |    202 |      0 |      0 |      0 |   1 |  202.0 |
         Trove |     45 |     45 |      0 |      0 |      0 |   1 |   45.0 |
      Ice Cave |    908 |    908 |      0 |    384 |      0 |   1 |  908.0 |
               +--------+--------+--------+--------+--------+-----+--------+

Top non-repeatable levels by time:
 Snake:4: 3991 daAuts
   Elf:2: 3273 daAuts
    D:14: 3066 daAuts
   Orc:2: 2640 daAuts
Depths:1: 2455 daAuts
 Snake:3: 2349 daAuts
    D:15: 2285 daAuts
Depths:2: 2033 daAuts
Spider:4: 2001 daAuts
Spider:1: 1983 daAuts
   Elf:1: 1981 daAuts
     D:9: 1977 daAuts
Depths:3: 1785 daAuts
Spider:3: 1419 daAuts
  Lair:2: 1415 daAuts
